 Dungeon Crawl Stone Soup version 0.24.0-13-gcf9b3192b9 (webtiles) character file.

Game seed: 2458391794783396485, levelgen mode: deterministic

435 Delamore the Cleaver (level 7, -1/85 HPs)
             Began as a Hill Orc Fighter on Nov 9, 2019.
             Killed by divine providence
             ... invoked by an orc priest
              (9 damage)
             ... on level 4 of the Dungeon.
             The game lasted 00:04:15 (2895 turns).

Delamore the Cleaver (Hill Orc Fighter)             Turns: 2895, Time: 00:04:16

Health: -1/85      AC: 23    Str: 26    XL:     7   Next: 0%
Magic:  7/7        EV:  2    Int:  8    God:
Gold:   136        SH:  9    Dex: 10    Spells: 6/6 levels left

rFire    . . .     SeeInvis .   a - +0 war axe
rCold    . . .     Gourm    .   c - +0 shield
rNeg     + + +     Faith    .   (armour currently unavailable)
rPois    +         Spirit   .   (helmet currently unavailable)
rElec    .         Reflect  .   (cloak currently unavailable)
rCorr    +         Harm     .   (gloves currently unavailable)
MR       .....     NoTele   +   (boots currently unavailable)
Stlth    +.........             (no amulet)
HPRegen  0.24/turn              e - ring of teleportation (curse)
MPRegen  0.10/turn              k - ring of resist corrosion

@: mighty, tree-form
A: no striking features
a: Convert to Beogh


You were on level 4 of the Dungeon.
You were hungry.
You were a tree.
You visited 1 branch of the dungeon, and saw 4 of its levels.

You collected 136 gold pieces.

Inventory:

Hand Weapons
 a - a +0 war axe (weapon)
 t - a +2 short sword of flaming
Armour
 b - a +0 scale mail (melded)
 c - a +0 shield (worn)
 i - a +0 helmet (melded)
Jewellery
 e - a cursed ring of teleportation (left branch)
 k - a ring of resist corrosion (right branch)
Wands
 p - a wand of polymorph (9)
Scrolls
 h - a scroll of fear {unknown}
 j - 4 scrolls of teleportation {unknown}
 m - a scroll of enchant armour {unknown}
 q - a scroll of random uselessness {unknown}
 r - a scroll of enchant weapon {unknown}
 s - a scroll of blinking {unknown}
 v - a scroll of noise {unknown}
 w - a scroll of immolation
Potions
 g - a potion of agility {unknown}
 l - a potion of mutation {unknown}
 n - a potion of brilliance {unknown}
 o - 2 potions of curing
Comestibles
 f - 5 rations
 u - 7 chunks of flesh


   Skills:
 - Level 3.6 Fighting
 + Level 9.5 Axes
 - Level 3.2 Armour
 - Level 3.2 Shields


You had 6 spell levels left.
You didn't know any spells.
Your spell library was empty.

Dungeon Overview and Level Annotations

Branches:
Dungeon (4/15)
 Temple: D:4-7

Altars:
Ashenzari
Fedhas
Kikubaaqudgha
Ru
Wu Jian


Message History

You kill Edmund!
Your life force feels restored.
Your Axes skill increases to level 9!
You have reached level 7!
The orc priest hits you but does no damage.
You cannot move.
The orc priest completely misses you. You block the orc priest's attack.
The orc priest hits you but does no damage.
The orc priest hits you but does no damage.
You block the orc priest's attack.
The orc priest hits you but does no damage.
The orc priest completely misses you. You block the orc priest's attack.
You cannot move.
The orc priest hits you but does no damage.
You block the orc priest's attack.
The orc priest mumbles some strange prayers to Beogh against you.
Beogh smites you!
You die...

............⌠........
......≈≈≈....#......
###...≈≈≈...##......
##.#..≈≈≈≈...##......
##......≈≈≈≈≈..# ....
#.........≈..≈.# ...
....>..⌠....._.#
._.....†.##....#
......)♣########
..#...)).......
......o........
......#...#....
##........# .#.
#....>.... #
#......#...
............


You could see an orc priest.

Vanquished Creatures
  Edmund (D:4)
  A bullfrog zombie (D:2)
  2 orc wizards (D:4)
  Terence (D:2)
  Natasha (thrice) (D:2)
  3 adders
  An ooze (D:2)
  An adder skeleton (D:4)
  2 worms (D:2)
  3 dart slugs
  2 leopard geckos
  5 orcs (D:4)
  5 bats
  8 goblins
  12 hobgoblins
  12 jackals
  10 kobolds
  4 ball pythons
  3 frilled lizards
  10 rats
89 creatures vanquished.

Notes
Turn   | Place    | Note
-------+----------+-------------------------------------------
     0 | D:1      | Delamore the Hill Orc Fighter began the quest for the Orb.
     0 | D:1      | Reached XP level 1. HP: 19/19 MP: 1/1
    48 | D:1      | Reached skill level 3 in Axes
    99 | D:1      | Reached XP level 2. HP: 23/26 MP: 2/2
   131 | D:1      | Reached skill level 4 in Axes
   308 | D:1      | Reached XP level 3. HP: 31/31 MP: 3/3
   564 | D:1      | Reached skill level 5 in Axes
  1035 | D:2      | Reached XP level 4. HP: 12/39 MP: 4/4
  1039 | D:2      | Reached skill level 6 in Axes
  1519 | D:2      | Noticed Natasha
  1521 | D:2      | Killed Natasha
  1521 | D:2      | Reached XP level 5. HP: 45/45 MP: 5/5
  1602 | D:2      | Noticed Terence
  1613 | D:2      | Killed Terence
  1613 | D:2      | Reached skill level 7 in Axes
  1662 | D:2      | Noticed Natasha
  1667 | D:2      | Killed Natasha
  1724 | D:2      | Noticed Natasha
  1736 | D:2      | Killed Natasha
  2220 | D:3      | Reached skill level 8 in Axes
  2230 | D:3      | Reached XP level 6. HP: 48/51 MP: 6/6
  2358 | D:3      | Found an ornate altar of the Wu Jian Council.
  2398 | D:3      | Found a blossoming altar of Fedhas.
  2802 | D:4      | Found a shattered altar of Ashenzari.
  2851 | D:4      | Found an ancient bone altar of Kikubaaqudgha.
  2860 | D:4      | Found a sacrificial altar of Ru.
  2870 | D:4      | Noticed Edmund
  2878 | D:4      | HP: 2/51 [orc priest/+0 trident (2)]
  2883 | D:4      | Killed Edmund
  2883 | D:4      | Reached skill level 9 in Axes
  2883 | D:4      | Reached XP level 7. HP: 5/57 MP: 7/7
  2895 | D:4      | Killed from afar by an orc priest

Levels and vault maps discovered:
D:1:      minmay_arrival_open_corners, layout_basic
D:2:      layout_basic, hex_medium, uniq_terence, uniq_natasha
D:3:      layout_loops_cross, lemuel_doored_altar, marbit_many_paths
D:4:      layout_cave_pools, nicolae_gozag_seed_capital,
          kiku_gazebo_pond_becter, cheibrodos_ashenzari_chains,
          overflow_temple_1_default, lemuel_blue_sif_altar,
          overflow_temple_1_default, nicolae_ossuary_entry_monument,
          grunt_qazlal_sundering, uniq_grinder, uniq_edmund

Skill      XL: |  1  2  3  4  5  6 |
---------------+-------------------+-----
Axes           | 3 4 5 6 8 9 |  9.5
Fighting       | |  3.6
Armour         | |  3.2
Shields        | |  3.2

Action                   |  1- 3 |  4- 6 |  7- 9 || total
-------------------------+-------+-------+-------++-------
Melee: War axe           |   115 |   159 |       ||   274
  Use: Scroll            |     1 |       |       ||     1
       Potion            |       |     1 |       ||     1
  Eat: Chunk             |       |     6 |       ||     6
Armor: Scale mail        |    73 |    57 |       ||   130
       Skin              |       |     5 |     4 ||     9
Dodge: Dodged            |    47 |    49 |     2 ||    98
Block: Shield            |    67 |    90 |     4 ||   161
